cohdb
Replays
Latest Replays
All Replays
Popular Replays
Top Player Replays
Match Explorer
How It Works
Community
CoH3 Stats
Reddit
Sign in to upload your games and track your stats! →
Sign in with Steam
Match 46989868
Unlisted
Match 46989868
Overview
Messages
Build Orders
End
Kradschützen Motorcycle Team
Panzergrenadier Squad
Panzergrenadier Squad
Panzergrenadier Squad
Construct Light Support Kompanie
Fire Support Elements
Flakvierling Half-track
2.5-tonne Medical Truck
MG34 Team
Vehicle Survival Package
Construct Panzerarmee Kommand
Veteran Squad Leaders
Panzer III L Medium Tank
Selects Armored Support Battlegroup
Selects Salvage Kits
Selects Veteran Gunners
Selects Flammpanzer III Medium Tank
Armored Reserves
Selects Salvage Kits
Walking Stuka Rocket Launcher
Selects Command Panzer IV F Medium Tank
Selects Salvage Kits
Emergency Repair Kits
Tungsten Core Ammunition
Panzer III L Medium Tank
Selects Panzer Storm
Tiger Heavy Tank
Rapid Advance
Advanced Optics
Selects Stuka Anti-tank Loiter
Stuka Anti-tank Loiter
Panzer III L Medium Tank
Advanced Field Repairs
Construct Mechanized Kompanie
18-tonne Recovery Half-track
Stuka Anti-tank Loiter
254 Reconnaissance Tractor
Panzer Storm
Stuka Anti-tank Loiter
Tiger One
Antonslayer
P0ort13
M8 Rex
[PD]Folscher
Apache
[PD]Bimbi
[PD]DerSchonWieder
0
0
Comments
sign in to comment!
No comments posted yet!